Map: Wyniesienie na Aiur ER

Players

Geralt (Gerald)

  • Race: Protoss Protoss
  • League: Grandmaster
  • Spawn Location: 11:00

Romson - Winner!

  • Race: Protoss Protoss
  • League: Grandmaster
  • Spawn Location: 5:00

VOD

Have the link to the VOD?

Description

Time

  • Played on: Sept. 3, 2017, 7:09 p.m.
  • Length: 17:42
Show
View Real Time Build Order
Export as new Build Order

Geralt Protoss 

Build Orders: Oracle Opening, Archon Immortal 

Get SALT Encoding   

  12  0:01  Probe (Chrono Boost)  
  13  0:11  Probe (Chrono Boost)  
  14  0:17  Pylon  
  14  0:22  Probe (Chrono Boost)  
  15  0:35  Probe (Chrono Boost)  
  16  0:36  Gateway  
  16  0:41  Assimilator  
  16  0:47  Probe (Chrono Boost)  
  17  0:58  Probe (Chrono Boost)  
  17  1:00  Gateway  
  18  1:08  Probe (Chrono Boost)  
  18  1:09  Assimilator  
  19  1:19  Probe (Chrono Boost)  
  19  1:25  Cybernetics Core  
  20  1:29  Probe (Chrono Boost)  
  22  1:40  Probe (Chrono Boost)  
  22  1:44  Pylon  
  22  1:50  Probe (Chrono Boost)  
  23  2:04  Mothership Core (Chrono Boost), Adept x2  
  23  2:05  Warp Gate (Chrono Boost)  
  29  2:15  Pylon  
  29  2:22  Probe (Chrono Boost)  
  30  2:33  Stalker  
  30  2:34  Probe  
  33  2:56  Nexus  
  33  2:58  Probe  
  34  3:09  Stargate  
  34  3:10  Probe  
  33  3:22  Probe  
  33  3:26  Robotics Facility  
  34  3:35  Pylon  
  34  3:36  Probe  
  35  3:48  Probe (Chrono Boost)  
  35  3:55  Oracle (Chrono Boost)  
  34  3:58  Adept  
  34  3:59  Probe  
  34  4:00  Adept  
  42  4:07  Probe  
  43  4:11  Probe  
  44  4:21  Probe  
  44  4:24  Probe  
  46  4:29  Immortal (Chrono Boost)  
  48  4:31  Probe  
  48  4:37  Twilight Council  
  49  4:43  Oracle  
  49  4:44  Probe  
  49  4:45  Probe  
  52  4:57  Probe  
  52  4:59  Probe  
  51  5:03  Charge (Chrono Boost)  
  52  5:09  Probe  
  52  5:10  Probe  
  52  5:12  Observer (Chrono Boost)  
  55  5:14  Nexus  
  55  5:17  Pylon  
  55  5:20  Forge  
  55  5:22  Pylon, Probe  
  55  5:25  Probe  
  55  5:28  Assimilator  
  57  5:32  Assimilator  
  57  5:34  Probe  
  58  5:40  Stalker  
  58  5:41  Stalker  
  59  5:48  Pylon  
  59  5:50  Pylon  
  59  5:56  Immortal (Chrono Boost)  
  60  5:58  Probe  
  61  6:04  Gateway  
  61  6:05  Gateway  
  61  6:08  Gateway  
  61  6:12  Probe  
  61  6:15  Probe, Zealot  
  61  6:16  Sentry  
  67  6:24  Probe  
  68  6:25  Probe  
  68  6:28  Probe  
  70  6:34  Pylon  
  70  6:36  Probe  
  70  6:37  Pylon  
  69  6:44  Immortal (Chrono Boost), Protoss Ground Weapons Level 1  
  69  6:45  Probe  
  69  6:47  Probe  
  72  6:48  Probe  
  72  6:53  Zealot  
  74  7:01  Probe  
  74  7:02  Probe  
  74  7:03  Probe  
  77  7:10  Photon Cannon  
  77  7:14  Photon Cannon  
  77  7:16  Probe  
  77  7:17  Probe  
  77  7:20  Templar Archives  
  77  7:21  Probe  
  79  7:28  Probe, Zealot x2  
  85  7:34  Immortal (Chrono Boost)  
  85  7:35  Probe  
  85  7:36  Probe  
  90  7:41  Assimilator, Probe  
  90  7:42  Assimilator  
  92  7:47  Probe  
  92  7:48  Probe, Zealot x2  
  98  7:53  Probe  
  99  7:59  Zealot x2  
  103  8:09  Zealot x2  
  107  8:16  Probe  
  107  8:17  Probe  
  109  8:23  Gateway  
  109  8:28  High Templar x3, Gateway  
  109  8:31  Pylon  
  109  8:32  Archon  
  109  8:33  High Templar x2  
  119  8:38  Pylon x2  
  119  8:40  Gateway  
  119  8:42  Pylon  
  119  8:44  Protoss Ground Weapons Level 2 (Chrono Boost), Archon  
  119  8:47  Pylon  
  119  8:52  Forge  
  119  8:55  Probe  
  119  9:01  High Templar  
  119  9:02  High Templar x2  
  126  9:05  Nexus, Phoenix  
  126  9:06  Archon  
  126  9:07  Archon, Immortal  
  126  9:16  Robotics Facility  
  130  9:20  High Templar  
  130  9:22  High Templar  
  134  9:26  Archon  
  134  9:34  Probe x2  
  134  9:36  Protoss Ground Armor Level 1 (Chrono Boost)  
  134  9:37  Probe  
  137  9:46  Probe x2  
  137  9:47  Probe  
  137  9:48  Pylon  
  137  9:50  Pylon  
  140  9:53  Immortal (Chrono Boost)  
  140  9:58  Probe x3  
  147  10:06  Gateway  
  147  10:09  Pylon  
  147  10:10  Probe  
  147  10:11  Probe, Photon Cannon  
  147  10:12  Immortal (Chrono Boost)  
  153  10:19  Zealot  
  154  10:26  Assimilator  
  154  10:30  Assimilator  
  154  10:31  Immortal (Chrono Boost)  
  154  10:32  High Templar x4  
  166  10:36  Gateway  
  166  10:40  Archon x2  
  166  10:45  Probe  
  166  10:47  Immortal (Chrono Boost)  
  171  10:52  Probe x2, Gateway x2  
  163  10:59  Gateway  
  163  11:00  Photon Cannon  
  163  11:01  Photon Cannon  
  163  11:03  High Templar  
  163  11:04  High Templar  
  167  11:05  Immortal (Chrono Boost)  
  167  11:07  Zealot x6  
  176  11:12  Mothership Core  
  176  11:15  Archon  
  168  11:27  Zealot  
  168  11:32  Zealot x6  
  172  11:38  Probe  
  172  11:39  Immortal (Chrono Boost)  
  175  11:41  Gateway  
  175  11:45  Immortal (Chrono Boost)  
  173  11:51  High Templar x2  
  173  11:52  High Templar  
  173  11:53  Zealot x2  
  173  11:54  Zealot  
  167  11:59  Zealot x3  
  167  12:00  Archon  
  171  12:02  Probe  
  150  12:18  Zealot x3  
  150  12:20  Immortal x2 (Chrono Boost)  
  156  12:29  Zealot x6  
  152  12:32  Probe  
  131  12:39  Zealot  
  131  12:40  Zealot x2  
  118  12:49  Probe  
  118  12:51  Zealot x5  
  115  12:52  Probe  
  115  13:02  Probe x2  
  115  13:04  Stalker x3, Probe  
  122  13:12  Zealot  
  118  13:13  Zealot x2  
  112  13:21  Probe x2  
  112  13:26  Photon Cannon  
  114  13:29  Assimilator  
  114  13:34  Warp Prism (Chrono Boost)  
  116  13:37  High Templar x6  
  116  13:38  High Templar  
  116  13:39  High Templar  
  116  13:40  High Templar  
  134  13:41  Archon  
  134  13:42  Archon x2  
  134  13:47  Archon  
  134  13:51  Observer (Chrono Boost)  
  135  14:00  Pylon  
  135  14:03  Protoss Ground Weapons Level 3  
  135  14:11  High Templar x4  
  135  14:12  Zealot x4  
  135  14:13  Zealot  
  135  14:16  Archon, Immortal x2 (Chrono Boost)  
  161  14:17  Archon  
  145  14:45  Zealot x4  
  145  14:46  Zealot  
  145  14:50  Zealot x4  
  113  15:06  Immortal (Chrono Boost)  
  113  15:07  Immortal (Chrono Boost)  
  100  15:11  High Templar x2  
  100  15:12  High Templar x2, Zealot x5  
  108  15:17  Archon  
  108  15:18  Archon  
  104  15:29  Nexus  
  104  15:30  Pylon  
  104  15:36  High Templar x2  
  104  15:40  Archon  
  104  15:41  Zealot x3  
  114  15:44  Immortal (Chrono Boost)  
  114  15:47  Immortal (Chrono Boost)  
  122  15:51  Zealot  
  122  15:52  Zealot  
  126  16:02  High Templar  
  126  16:03  Zealot x4  
  128  16:09  High Templar  
  130  16:11  Pylon  
  130  16:15  Archon  
  130  16:16  Zealot x3  
  111  16:28  Zealot x4  
  84  16:44  Zealot x3  
  84  16:45  Zealot  
  65  16:54  Zealot  
  65  16:55  Zealot  
  65  16:59  High Templar x2  
  65  17:00  High Templar  
  75  17:04  High Templar x2  
  75  17:05  Archon  
  75  17:08  Archon  
  79  17:13  Stalker  
  64  17:26  Zealot x3  
Show
View Real Time Build Order
Export as new Build Order

Romson Protoss - Winner!

Build Orders: Zealot Archon 

Get SALT Encoding   

  12  0:00  Probe (Chrono Boost)  
  13  0:11  Probe (Chrono Boost)  
  14  0:17  Pylon  
  14  0:22  Probe (Chrono Boost)  
  16  0:35  Probe (Chrono Boost)  
  16  0:36  Gateway  
  16  0:43  Assimilator  
  16  0:46  Probe (Chrono Boost)  
  17  0:51  Assimilator  
  17  0:56  Probe (Chrono Boost)  
  18  1:07  Probe (Chrono Boost)  
  18  1:09  Gateway  
  19  1:18  Probe (Chrono Boost)  
  20  1:23  Cybernetics Core  
  20  1:28  Probe (Chrono Boost)  
  21  1:35  Pylon  
  21  1:39  Probe (Chrono Boost)  
  22  1:49  Probe (Chrono Boost)  
  23  2:00  Stalker, Probe (Chrono Boost), Warp Gate (Chrono Boost)  
  26  2:11  Mothership Core (Chrono Boost)  
  28  2:25  Nexus  
  30  2:37  Stalker (Chrono Boost)  
  30  2:41  Pylon  
  30  2:45  Probe  
  31  2:59  Pylon, Stalker (Chrono Boost)  
  31  3:02  Probe  
  33  3:14  Probe  
  34  3:26  Stalker (Chrono Boost), Probe (Chrono Boost)  
  37  3:32  Twilight Council  
  37  3:37  Probe (Chrono Boost)  
  37  3:40  Probe (Chrono Boost)  
  39  3:48  Probe (Chrono Boost)  
  40  3:50  Probe (Chrono Boost)  
  41  3:58  Probe (Chrono Boost)  
  41  4:01  Probe (Chrono Boost)  
  43  4:03  Sentry  
  43  4:04  Sentry  
  43  4:06  Robotics Facility  
  43  4:09  Probe (Chrono Boost)  
  48  4:15  Probe (Chrono Boost)  
  49  4:19  Probe (Chrono Boost)  
  49  4:24  Probe (Chrono Boost)  
  50  4:27  Charge (Chrono Boost)  
  50  4:30  Probe  
  52  4:32  Nexus  
  52  4:35  Sentry, Probe  
  55  4:46  Probe  
  55  4:47  Pylon  
  55  4:50  Probe  
  55  4:58  Probe  
  52  5:02  Probe  
  52  5:04  Gateway  
  52  5:07  Gateway  
  52  5:10  Probe  
  52  5:12  Probe  
  52  5:13  Stalker x2  
  58  5:22  Probe  
  58  5:24  Probe  
  58  5:26  Forge  
  60  5:33  Assimilator  
  60  5:34  Probe x2  
  57  5:44  Adept x2, Probe  
  57  5:46  Probe  
  57  5:47  Probe  
  64  5:56  Probe (Chrono Boost)  
  57  5:58  Probe (Chrono Boost)  
  57  6:00  Protoss Ground Weapons Level 1 (Chrono Boost)  
  57  6:01  Probe (Chrono Boost)  
  59  6:07  Probe (Chrono Boost), Templar Archives  
  59  6:09  Probe (Chrono Boost)  
  61  6:12  Probe (Chrono Boost)  
  61  6:18  Probe (Chrono Boost)  
  63  6:19  Immortal  
  63  6:20  Probe (Chrono Boost)  
  68  6:27  Probe (Chrono Boost)  
  68  6:30  Probe (Chrono Boost)  
  68  6:32  Probe (Chrono Boost)  
  71  6:34  Assimilator  
  71  6:43  Probe (Chrono Boost)  
  70  6:51  Gateway, Probe (Chrono Boost)  
  70  6:52  Gateway  
  70  6:54  Gateway, Probe (Chrono Boost)  
  72  6:59  Probe (Chrono Boost)  
  71  7:01  Adept x2  
  75  7:11  High Templar  
  75  7:12  High Templar  
  75  7:13  Probe (Chrono Boost)  
  75  7:15  Probe (Chrono Boost), Photon Cannon  
  81  7:18  Probe (Chrono Boost)  
  81  7:19  Pylon  
  81  7:20  Pylon  
  81  7:21  Archon  
  82  7:24  Probe (Chrono Boost)  
  82  7:29  Gateway, Probe  
  83  7:30  Gateway  
  83  7:32  Pylon  
  83  7:33  Gateway  
  84  7:40  Probe x2  
  84  7:43  High Templar x2  
  90  7:47  Pylon, Probe, Archon  
  91  7:52  Probe x2  
  91  7:55  Assimilator  
  91  7:56  Assimilator  
  91  7:58  Probe  
  93  8:03  Probe  
  93  8:04  Probe  
  94  8:08  Probe  
  94  8:10  High Templar x2, Pylon  
  97  8:13  Photon Cannon  
  97  8:18  Gateway x2  
  97  8:20  Archon  
  97  8:26  Zealot  
  97  8:27  Zealot x4  
  103  8:30  Protoss Ground Weapons Level 2 (Chrono Boost)  
  107  8:43  High Templar x2  
  107  8:44  Zealot x3  
  107  8:46  Pylon  
  107  8:47  Archon  
  117  8:53  Nexus  
  117  8:56  Pylon  
  117  9:07  Photon Cannon  
  117  9:09  High Templar x2  
  121  9:10  Pylon x2, Zealot x3  
  121  9:15  Archon  
  127  9:21  Pylon  
  127  9:23  Observer, Photon Cannon  
  128  9:25  High Templar x2  
  128  9:26  Zealot x2  
  136  9:32  Pylon  
  136  9:35  Pylon  
  136  9:36  Dark Shrine  
  136  9:39  Archon  
  136  9:40  Zealot x3  
  142  9:52  Warp Prism (Chrono Boost)  
  144  9:57  High Templar  
  144  9:58  High Templar  
  144  9:59  Zealot x2  
  152  10:00  Zealot x3  
  152  10:04  Zealot  
  160  10:08  Archon  
  160  10:09  Zealot x2  
  164  10:18  High Templar  
  166  10:21  Photon Cannon  
  166  10:22  Pylon  
  166  10:26  Warp Prism (Chrono Boost)  
  166  10:35  High Templar x4  
  174  10:36  Zealot x4  
  174  10:40  Archon x2  
  178  11:06  Zealot x3  
  178  11:07  Zealot x2  
  184  11:19  Zealot x5  
  184  11:20  Zealot  
  176  11:26  Protoss Ground Weapons Level 3  
  176  11:32  High Templar x2  
  176  11:33  High Templar x3  
  176  11:37  Archon x2  
  176  11:39  Archon  
  180  11:40  Zealot  
  180  11:41  Zealot x5  
  180  11:43  Immortal (Chrono Boost)  
  160  12:05  Zealot  
  160  12:06  Zealot x10  
  146  12:28  Zealot x2  
  146  12:29  Zealot x8  
  126  12:45  Immortal (Chrono Boost)  
  126  12:49  High Templar  
  126  12:50  High Templar x6  
  126  12:51  Zealot x3  
  136  12:55  Archon x2  
  126  13:00  Archon  
  122  13:07  Zealot  
  122  13:15  Zealot x3  
  104  13:30  High Templar x4  
  104  13:31  Zealot x4  
  122  13:34  Immortal (Chrono Boost)  
  122  13:39  Assimilator  
  122  13:41  Assimilator  
  122  13:50  Archon x2  
  122  13:51  Nexus, Photon Cannon  
  122  13:52  Pylon  
  122  13:56  High Templar x2  
  122  13:57  Zealot x2  
  130  14:07  Archon  
  130  14:08  Zealot x4  
  138  14:21  Zealot x5  
  148  14:28  Dark Templar  
  150  14:37  Nexus  
  138  14:47  Zealot x7  
  138  14:48  Zealot  
  138  14:52  Zealot  
  124  14:58  Zealot  
  110  15:02  Zealot  
  104  15:10  High Templar  
  104  15:11  High Templar x6  
  118  15:14  Pylon  
  118  15:16  Archon x3  
  118  15:18  Protoss Shields Level 1, High Templar  
  118  15:19  Zealot x2  
  124  15:29  Archon  
  124  15:35  Zealot  
  124  15:54  High Templar x3, Nexus  
  124  15:55  Pylon, Zealot x3  
  124  15:56  Zealot x4  
  144  15:59  Archon  
  144  16:11  Immortal (Chrono Boost)  
  144  16:18  Zealot x4  
  142  16:19  Zealot x2  
  140  16:29  Zealot x4  
  124  16:40  Zealot x4  
  128  16:47  Immortal (Chrono Boost)  
  128  16:53  High Templar x5  
  132  16:55  Zealot  
  132  16:58  Archon x2  
  132  16:59  Archon  
  134  17:02  Probe x2  
  134  17:03  Probe x2  
  134  17:04  Photon Cannon  
  138  17:09  Dark Templar  
  140  17:19  Dark Templar  
  140  17:22  Zealot  
  137  17:25  Dark Templar x2  
  137  17:26  Zealot x2  
  139  17:31  Zealot x2  
  134  17:38  Zealot x2  
  134  17:39  Zealot  
  134  17:40  Zealot  
Tags
 
Add a new tag
Caveats
  • Supply blocks, unpowered buildings, or Contaminate may cause inaccurate times.
  • Supply counts are checked every 10 seconds.